 Dungeon Crawl Stone Soup version 0.30-a0-799-g109b55a442 (webtiles) character file.

Game seed: 16775022035798037762

143 girl the Shooter (level 5, 0/26 HPs)
             Began as a Spriggan Hunter on Feb 20, 2023.
             Killed from afar by Ijyb (10 damage)
             ... with an iceblast
             ... on level 3 of the Dungeon.
             The game lasted 00:06:03 (2041 turns).

girl the Shooter (Spriggan Hunter)                  Turns: 2041, Time: 00:06:04

Health: 0/26       AC:  2    Str:  7    XL:     5   Next: 4%
Magic:  9/9        EV: 24    Int: 10    God:
Gold:   20         SH:  0    Dex: 27    Spells: 8/8 levels left

rFire   . . .      SeeInvis +    a - +0 shortbow
rCold   . . .      Faith    .    (shield currently unavailable)
rNeg    . . .      Spirit   .    c - +0 robe
rPois   .          Reflect  .    (helmet restricted)
rElec   .          Harm     .    (no cloak)
rCorr   .          Rampage  .    (gloves unavailable)
Will    .....                    (boots unavailable)
Stlth   +++                      (no amulet)
HPRegen 0.24/turn                l - +6 ring of dexterity
MPRegen 0.11/turn                s - +5 ring of evasion

@: very quick
A: very small, no large weapons, unfitting armour, see invisible, speed 3
a: no special abilities


You were on level 3 of the Dungeon.
You visited 1 branch of the dungeon, and saw 3 of its levels.

You collected 140 gold pieces.
You spent 120 gold pieces at shops.

Inventory:

Hand Weapons
 a - a +0 shortbow (weapon)
Armour
 c - a +0 robe (worn)
Jewellery
 i - a ring of wizardry
 k - a ring of protection from cold
 l - a +6 ring of dexterity (left hand)
 s - a +5 ring of evasion (right hand)
Scrolls
 b - 2 scrolls of immolation
 d - a scroll of vulnerability {unknown}
 f - a scroll of teleportation
 g - 2 scrolls of noise
 j - a scroll of identify {unknown}
 m - a scroll of blinking {unknown}
 n - a scroll of enchant armour {unknown}
 p - a scroll of fear
 q - a scroll of brand weapon {unknown}
Potions
 e - 2 potions of curing {unknown}
 h - 3 potions of heal wounds
 o - a potion of degeneration {unknown}
 r - 2 potions of attraction {unknown}


   Skills:
 * Level 2.1 Fighting
 + Level 5.7 Ranged Weapons
 + Level 2.8 Dodging
 - Level 1.5 Stealth
 * Level 2.0 Spellcasting


You had 8 spell levels left.
You didn't know any spells.
Your spell library was empty.

Dungeon Overview and Level Annotations

Branches:
Dungeon (3/15)

Altars:

Shops:
D:3 !

Annotations:
D:3 Ijyb


Innate Abilities, Weirdness & Mutations

You are very small and have problems with some larger weapons.
You are too small for most types of armour.
You have supernaturally acute eyesight. (SInv)
You cover ground extremely quickly. (Speed+++)


Message History

You are too injured to fight recklessly!
Fire: a) +0 shortbow
Press: ? - help, Q - select action Shift-Dir - straight line, f/p - Ijyb
Aim: Ijyb, wielding a +0 club, wearing a +0 ring mail and carrying a wand of iceblast (8) (65% to hit)
You shoot an arrow. The arrow hits Ijyb.
Ijyb is moderately wounded.
Fire: a) +0 shortbow
Press: ? - help, Q - select action Shift-Dir - straight line, f/p - Ijyb
Aim: Ijyb, wielding a +0 club, wearing a +0 ring mail and carrying a wand of iceblast (8) (moderately wounded, 65% to hit)
You shoot an arrow. The arrow hits Ijyb.
Ijyb is moderately wounded.
Ijyb screams, "Me kill you!"
Found an inky potion.
A goblin comes into view. It is wielding a +0 dagger.
Found a ring mail.
You see here a +0 ring mail.
Found a puce potion.
Found 11 gold pieces.
You see here a +0 leather armour.
You shoot an arrow. The arrow hits the goblin.
You kill the goblin!
You see here a +0 leather armour.
r - 2 puce potions (gained 1)
There are no items here.
Found a chain mail.
You now have 20 gold pieces (gained 11).
You start resting.
HP restored.
You see here a +0 leather armour.
Things that are here:
a +0 dagger; a goblin corpse You see here a +0 ring mail.
Ijyb shouts!
You shoot an arrow. The arrow completely misses Ijyb.
You shoot an arrow. The arrow barely misses Ijyb.
Ijyb zaps a wand.
The mass of ice explodes!
The iceblast engulfs you!
Ouch! That really hurt!
You hear a shout! x4
Ijyb zaps a wand.
The mass of ice explodes!
The iceblast engulfs you!
You die...

#### #### ######.. ..##########
!..##.# #.##........
#######.##.###########.##.#######
...........g....@.)....[.........
#.....#.##.###########.##.#.....#
#.###.#.##.# #.##.#.###.#
#..)#.#.##.# #....#.#.#.#
#o..#.#.##.# ############.#<#.#
#g..#.#.##.#####......)...#.#.#.#
#..<#.#8##.. †.#.########.#.#...#
#..##.#.######.#.# #.#.#####
#).o.8<∩.8.....#.########†#.## #


You could see Ijyb.

Vanquished Creatures
  Jessica (D:3)
  5 adders
  2 worms (D:2)
  8 endoplasms
  A giant cockroach (D:2)
  8 goblins
  4 hobgoblins
  8 jackals
  5 quokkas
  3 ball pythons
  3 bats
  4 frilled lizards
  5 kobolds
  11 rats
68 creatures vanquished.

Notes
Turn   | Place    | Note
-------+----------+-------------------------------------------
     0 | D:1      | girl the Spriggan Hunter began the quest for the Orb.
     0 | D:1      | Reached XP level 1. HP: 10/10 MP: 2/2
    81 | D:1      | Reached XP level 2. HP: 14/14 MP: 3/3
   765 | D:2      | Reached skill level 1 in Spellcasting
   819 | D:2      | Reached XP level 3. HP: 18/18 MP: 5/5
  1037 | D:2      | Reached skill level 5 in Ranged Weapons
  1427 | D:2      | Reached XP level 4. HP: 23/23 MP: 7/7
  1463 | D:2      | Found a faded altar of an unknown god.
  1829 | D:3      | Noticed Jessica
  1832 | D:3      | Killed Jessica
  1858 | D:3      | Found Zeseun's Distillery.
  1874 | D:3      | Bought a potion of heal wounds for 60 gold pieces
  1897 | D:3      | Reached XP level 5. HP: 26/26 MP: 9/9
  1911 | D:3      | Bought a potion of heal wounds for 60 gold pieces
  1936 | D:3      | Noticed Ijyb
  2041 | D:3      | Killed from afar by Ijyb

Illustrated notes

Levels and vault maps discovered:
D:1:      dpeg_arrival_rooms_b, layout_basic
D:2:      layout_loops_corners, ebering_ecumenical_altar_box
D:3:      layout_basic, serial_shops, nicolae_shop_statue_plus,
          minmay_crystal_water, uniq_ijyb, uniq_jessica

Skill      XL: |  1  2  3  4 |
---------------+-------------+-----
Spellcasting   | 1 2 |  2.0
Ranged Weapons | 5 |  5.7
Fighting       | 2 |  2.1
Dodging        | |  2.8
Stealth        | |  1.5

Action                     |  1- 3 |  4- 6 || total
---------------------------+-------+-------++-------
   Fire: Shortbow          |   113 |    56 ||   169
    Use: Scroll            |     1 |     2 ||     3
 Armour: Robe              |     1 |       ||     1
  Dodge: Dodged            |    19 |     4 ||    23

Table legend: (Time is in decaauts)
 A = Elapsed time spent in this place.
 B = Non-inter-level travel time spent in this place.
 C = Inter-level travel time spent in this place.
 D = Time resting spent in this place.
 E = Time spent auto-exploring this place.
 F = Levels seen in this place.
 G = Mean time per level.
                   A        B        C        D        E       F      G
               +--------+--------+--------+--------+--------+-----+--------+
         Total |   1395 |   1373 |     22 |     27 |    936 |   3 |  465.0 |
       Dungeon |   1395 |   1373 |     22 |     27 |    936 |   3 |  465.0 |
               +--------+--------+--------+--------+--------+-----+--------+

Top non-repeatable levels by time:
     D:2: 630 daAuts
     D:1: 464 daAuts
     D:3: 300 daAuts
